 Dungeon Crawl Stone Soup version 0.27-a0-869-g165b36e3f0 (webtiles) character file.

Game seed: 9329880444240870464

11278 jasper the Geomancer (level 11, -2/80 HPs)
             Began as a Demonspawn Earth Elementalist on Apr 2, 2021.
             Was a Priest of Vehumet.
             Slain by a six-headed hydra (3 damage)
             ... on level 11 of the Dungeon.
             The game lasted 00:22:34 (12819 turns).

jasper the Geomancer (DsEE)                        Turns: 12819, Time: 00:22:35

Health: -2/80      AC:  5    Str: 10    XL:     11   Next: 47%
Magic:  0/23       EV: 14    Int: 19    God:    Vehumet [***...]
Gold:   733        SH:  8    Dex: 15    Spells: 10/26 levels left

rFire    + . .     SeeInvis +   B - staff of earth
rCold    + . .     Faith    .   x - +3 buckler
rNeg     . . .     Spirit   +   K - +2 robe {rF+}
rPois    .         Reflect  .   (helmet restricted)
rElec    .         Harm     .   (no cloak)
rCorr    .         Rampage  .   f - +0 pair of gloves
Will     .....                  (no boots)
Stlth    +++.......             (no amulet)
HPRegen  0.23/turn              h - ring of see invisible
MPRegen  0.36/turn              m - ring of protection from cold

@: no status effects
A: horns 2, thin skeletal structure 1, demonic guardian 1, magic shield, magic
regeneration
a: Renounce Religion


You were on level 11 of the Dungeon.
You worshipped Vehumet.
Vehumet was most pleased with you.
You visited 2 branches of the dungeon, and saw 12 of its levels.
You also visited: Sewer.

You collected 733 gold pieces.

Inventory:

Hand Weapons
 d - a +0 short sword
 e - a +0 war axe
 g - a +2 whip of draining
 E - the +5 flail of Peva Sakh {freeze, rElec rPois rC+}
   (You found it on level 7 of the Dungeon)

   It has been specially enchanted to freeze those struck by it, causing extra
   injury to most foes and up to half again as much damage against particularly
   susceptible opponents.
   It can also slow down cold-blooded creatures.
   It protects you from cold.
   It insulates you from electricity.
   It protects you from poison.
Missiles
 b - 136 stones
 i - 8 javelins
 k - 5 atropa-tipped darts
 n - a throwing net
 p - 17 poisoned darts
 M - 12 curare-tipped darts
Armour
 c - a +0 robe
 f - a +0 pair of gloves (worn)
 x - a +3 buckler (worn)
 D - a +0 robe of willpower
 I - +0 steam dragon scales
 K - a +2 robe of fire resistance (worn)
 N - +0 swamp dragon scales
Magical Staves
 B - a staff of earth (weapon)
Jewellery
 h - a ring of see invisible (left hand)
 m - a ring of protection from cold (right hand)
 A - a ring of magical power
 G - a ring of resist corrosion
 H - an amulet of faith
 Q - a ring of wizardry
Wands
 y - a wand of iceblast (6)
 z - a wand of paralysis (4)
 F - a wand of digging (7)
 J - a wand of random effects (32)
Scrolls
 s - 2 scrolls of teleportation
 t - a scroll of fear
 O - a scroll of enchant weapon {unknown}
 P - 2 scrolls of fog
Potions
 a - 2 potions of curing
 j - 5 potions of might
 l - 5 potions of heal wounds
 o - a potion of mutation
 q - 2 potions of ambrosia {unknown}
 r - a potion of magic {unknown}
 u - 3 potions of flight {unknown}
 v - 2 potions of brilliance {unknown}
 w - a potion of attraction {unknown}
 C - a potion of invisibility {unknown}
 L - a potion of haste {unknown}


   Skills:
 - Level 5.3 Fighting
 * Level 5.8 Staves
 - Level 5.3 Dodging
 - Level 1.7 Stealth
 - Level 4.0 Shields
 + Level 8.2 Spellcasting
 - Level 4.0 Conjurations
 - Level 3.0 Transmutations
 - Level 10.0 Earth Magic


You had 10 spell levels left.
You knew the following spells:

 Your Spells              Type           Power      Damage    Failure   Level
a - Sandblast             Erth           100%       2d20      1%          1
b - Passwall              Tmut/Erth      40%        N/A       1%          2
c - Stone Arrow           Conj/Erth      100%       3d13      1%          3
d - Petrify               Tmut/Erth      48%        N/A       6%          4
e - Animate Skeleton      Necr           14%        N/A       9%          1
f - Lee's Rapid Deconstr  Erth           31%        3d17*     1%          5

Your spell library contained the following spells:

 Spells                   Type           Power      Damage    Failure   Level
 Fulminant Prism          Conj/Hex       7%         3d7       11%         4
 Beastly Appendage        Tmut           38%        N/A       2%          1
 Dazzling Flash           Conj/Hex       30%        N/A       3%          3
 Wereblood                Tmut           19%        N/A       4%          2
 Apportation              Tloc           14%        N/A       9%          1
 Corona                   Hex            7%         N/A       9%          1
 Pain                     Necr           28%        1d5       9%          1
 Summon Small Mammal      Summ           28%        N/A       9%          1
 Ensorcelled Hibernation  Hex/Ice        14%        N/A       14%         2
 Spider Form              Tmut/Pois      6%         N/A       14%         3
 Confusing Touch          Hex            7%         N/A       26%         3
 Gell's Gravitas          Tloc           3%         N/A       26%         3
 Tukima's Dance           Hex            7%         N/A       26%         3
 Vampiric Draining        Necr           3%         2d6       26%         3
 Yara's Violent Unravell  Hex/Tmut       6%         3d5       32%         5
 Ice Form                 Ice/Tmut       13%        N/A       43%         4
 Hydra Form               Tmut           9%         N/A       58%         5
 Animate Dead             Necr           3%         N/A       65%         4
 Agony                    Necr           7%         N/A       94%         5
 Metabolic Englaciation   Hex/Ice        3%         N/A       94%         5


Dungeon Overview and Level Annotations

Branches:
Dungeon (11/15)            Temple (1/1) D:7             Orc (0/2) D:11
  Sewer (visited)
   Lair: D:8-11

Altars:
Ashenzari
Cheibriados
Dithmenos
Elyvilon
Fedhas
Gozag
Hepliaklqana
Kikubaaqudgha
Makhleb
Nemelex Xobeh
Okawaru
Qazlal
Ru
Sif Muna
Trog
Uskayaw
Vehumet
Wu Jian
Xom
Yredelemnul
Zin
The Shining One
Beogh

Annotations:
D:5 Menkaure


Innate Abilities, Weirdness & Mutations

You have a pair of horns on your head.
You have a somewhat thin skeletal structure. (Dex +2, Stealth)
A weak demonic guardian rushes to your aid.
When hurt, damage is shared between your health and your magic reserves.
You regenerate magic rapidly.


Message History

The six-headed hydra bites you. The six-headed hydra barely misses you.
The six-headed hydra bites you! x2; The six-headed hydra barely misses you.
A kobold demonologist comes into view. It is wielding a +0 dagger.
You take 20 damage, and have 47/80 hp.
MASSIVE DAMAGE!!
You now have 13/23 mp.
Casting: Lee's Rapid Deconstruction (dangerous; 1% risk of failure)
Confirm with . or Enter, or press ? or * to list all spells.
Okay, then.
Okay, then.
Casting: Lee's Rapid Deconstruction (dangerous; 1% risk of failure)
Confirm with . or Enter, or press ? or * to list all spells.
Aiming: Passwall (safe; 1% risk of failure)
Press: ? - help, Dir - move target A rock wall.
You feel a surge of power!
The six-headed hydra closely misses you.
The six-headed hydra bites you!
The six-headed hydra closely misses you.
The six-headed hydra misses you. The six-headed hydra bites you!
You block the six-headed hydra's attack.
You begin to meditate on the wall.
You continue meditating on the rock.
The six-headed hydra completely misses you.
The six-headed hydra bites you!
* * * LOW HITPOINT WARNING * * *
The six-headed hydra closely misses you.
The six-headed hydra bites you.
* * * LOW HITPOINT WARNING * * *
A demonic guardian appears!
The six-headed hydra barely misses you.
The six-headed hydra closely misses you.
You continue meditating on the rock.
The six-headed hydra closely misses you. x2
The six-headed hydra misses you.
The six-headed hydra closely misses you.
The six-headed hydra bites you!
* * * LOW HITPOINT WARNING * * *
The six-headed hydra completely misses you.
You continue meditating on the rock.
The six-headed hydra bites you!
* * * LOW HITPOINT WARNING * * *
The six-headed hydra bites you.
You die...

#. . #.....#
###.#######.....# #....
#.....#...#.....# #.... #.
#(....##..#.....# #... .
#.....##..#.....# #..# .
#.........#.....# #..#.#
#....####.#.....######..#.#
#.......).....##D4...รท....#
#####.........##@..K(...#
#.........##........#
#.........##......#.##
#.........##......#..##
#.........##......##..##
#####.....##......###..###.##
#...####.##......####.......
#.#.####.##.........<.######
#.#....#.##...........#


You could see a six-headed hydra (ally target), a kobold demonologist and a
friendly hellwing (summoned).

Vanquished Creatures
  Snorg (D:10)
  Nergalle (D:10)
  2 manticores
  A cyclops (D:11)
  Joseph (D:10)
  2 unseen horrors
  Maggie (D:7)
  A kobold demonologist (D:10)
  Grinder (D:5)
  A meliai zombie (D:10)
  Sigmund (D:4)
  2 shadows
  A wyvern (D:11)
  17 yaks
  Eustachio (D:5)
  2 steam dragons
  8 orc warriors
  A water moccasin (D:7)
  A sky beast (D:7)
  An ice beast (D:7)
  3 necrophages
  3 ogres
  2 centaurs
  Blork the orc (D:5)
  3 kobold brigands (D:10)
  A bullfrog (D:9)
  A scorpion (D:5)
  4 killer bees (D:7)
  10 wights
  3 howler monkeys
  An orc priest (D:10)
  A jelly (D:6)
  A gnoll shaman (D:7)
  A centaur skeleton (D:7)
  5 hounds
  An iguana (D:5)
  8 orc wizards
  A howler monkey zombie (D:9)
  Robin (D:4)
  9 gnolls
  5 adders
  4 river rats (Sewer)
  2 shadow imps (D:7)
  An ufetubus (D:7)
  2 worms
  A dart slug (D:3)
  30 orcs
  9 ball pythons
  4 endoplasms
  4 giant cockroaches
  16 goblins
  4 hobgoblins
  15 jackals
  4 quokkas
  7 bats
  2 frilled lizards
  18 kobolds
  4 rats
239 creatures vanquished.

Notes
Turn   | Place    | Note
-------+----------+-------------------------------------------
     0 | D:1      | jasper the Demonspawn Earth Elementalist began the quest
                  | for the Orb.
     0 | D:1      | Reached XP level 1. HP: 13/13 MP: 3/3
   494 | D:1      | Reached skill level 3 in Earth Magic
   805 | D:1      | Gained mutation: You have a pair of small horns on your
                  | head. [demonic ancestry]
   805 | D:1      | Reached XP level 2. HP: 19/19 MP: 3/5
   808 | D:1      | Learned a level 2 spell: Passwall
  1276 | D:1      | Found a faded altar of an unknown god.
  1369 | D:1      | Reached XP level 3. HP: 24/24 MP: 4/6
  1430 | D:2      | Learned a level 3 spell: Stone Arrow
  1722 | D:2      | Reached skill level 4 in Earth Magic
  2483 | D:3      | Gained mutation: You regenerate magic rapidly. [demonic
                  | ancestry]
  2483 | D:3      | Reached XP level 4. HP: 30/30 MP: 3/7
  2804 | D:3      | Noticed a steam dragon
  3463 | D:4      | Noticed Sigmund
  3680 | D:4      | Reached skill level 5 in Earth Magic
  3805 | D:4      | Reached XP level 5. HP: 35/35 MP: 3/8
  4027 | D:5      | Entered Level 5 of the Dungeon
  4104 | D:4      | Noticed a necrophage
  4110 | D:4      | Killed a necrophage
  4111 | D:4      | Reached skill level 6 in Earth Magic
  4287 | D:5      | Noticed Grinder
  4292 | D:5      | Killed Grinder
  4293 | D:5      | Reached skill level 7 in Earth Magic
  4293 | D:5      | Gained mutation: When hurt, damage is shared between your
                  | health and your magic reserves. [demonic ancestry]
  4293 | D:5      | Reached XP level 6. HP: 39/41 MP: 4/9
  4466 | D:5      | Noticed Blork the orc
  4474 | D:5      | Killed Blork the orc
  4475 | D:5      | Reached XP level 7. HP: 32/46 MP: 3/10
  4638 | D:5      | Found a glowing drain.
  4649 | Sewer    | Entered a sewer
  4720 | Sewer    | Learned a level 4 spell: Petrify
  4974 | Sewer    | Reached skill level 8 in Earth Magic
  5151 | D:5      | Noticed Eustachio
  5821 | D:5      | Noticed Menkaure
  6953 | D:6      | Reached skill level 9 in Earth Magic
  6953 | D:6      | Gained mutation: A weak demonic guardian rushes to your
                  | aid. [demonic ancestry]
  6953 | D:6      | Reached XP level 8. HP: 52/52 MP: 9/11
  7086 | D:7      | Found a staircase to the Ecumenical Temple.
  7096 | Temple   | Entered the Ecumenical Temple
  7146 | Temple   | Became a worshipper of Vehumet
  7191 | D:7      | Noticed a manticore
  7552 | D:7      | Identified the +5 flail of Peva Sakh {freeze, rElec rPois
                  | rC+}
  7633 | D:7      | Noticed Maggie
  7725 | D:8      | Reached skill level 10 in Earth Magic
  7769 | D:8      | Reached skill level 1 in Shields
  7855 | D:8      | Found a shimmering blue altar of Sif Muna.
  7897 | D:8      | Identified a scroll of acquirement
  7897 | D:8      | Acquired a staff of earth
  8026 | D:8      | Reached * piety under Vehumet
  8026 | D:8      | Offered knowledge of Shock by Vehumet.
  8388 | D:9      | Reached XP level 9. HP: 57/57 MP: 9/15
  8398 | D:9      | Reached skill level 5 in Spellcasting
  8472 | D:9      | Learned a level 1 spell: Animate Skeleton
  8756 | D:9      | Reached skill level 1 in Conjurations
  8825 | D:9      | Reached skill level 1 in Fighting
  9226 | D:9      | Noticed a troll
  9227 | D:9      | Noticed a cyclops
  9229 | D:9      | Noticed a boulder beetle
  9640 | D:4      | Killed Sigmund
  9647 | D:4      | Identified the +0 helmet of Optimism {rPois}
  9647 | D:4      | Noticed Robin
  9652 | D:4      | Killed Robin
  9656 | D:4      | Reached ** piety under Vehumet
  9656 | D:4      | Offered knowledge of Freeze by Vehumet.
  9943 | D:5      | Killed Eustachio
  9944 | D:5      | Gained mutation: You have a somewhat thin skeletal
                  | structure. (Dex +2, Stealth) [demonic ancestry]
  9944 | D:5      | Reached XP level 10. HP: 68/68 MP: 16/19
 10122 | D:7      | Killed Maggie
 10123 | D:7      | Reached skill level 1 in Transmutations
 10362 | D:7      | Killed a manticore
 10928 | D:9      | Learned a level 5 spell: Lee's Rapid Deconstruction
 10942 | D:10     | Entered Level 10 of the Dungeon
 11084 | D:10     | Noticed Nergalle
 11100 | D:10     | Killed Nergalle
 11219 | D:10     | Noticed Joseph
 11223 | D:10     | Noticed Snorg
 11229 | D:10     | Killed Joseph
 11289 | D:10     | Killed Snorg
 11495 | D:10     | Gained mutation: You have a pair of horns on your head.
                  | [demonic ancestry]
 11495 | D:10     | Reached XP level 11. HP: 78/78 MP: 22/22
 11612 | D:10     | Offered knowledge of Frozen Ramparts by Vehumet.
 11865 | D:10     | Reached *** piety under Vehumet
 11870 | D:10     | Reached skill level 5 in Fighting
 11870 | D:10     | Reached skill level 5 in Dodging
 12330 | D:10     | Reached skill level 5 in Staves
 12530 | D:11     | Offered knowledge of Fulminant Prism by Vehumet.
 12547 | D:11     | Found a staircase to the Orcish Mines.
 12786 | D:11     | Noticed a six-headed hydra
 12819 | D:11     | HP: 1/80 [six-headed hydra (7)]
 12819 | D:11     | Slain by a six-headed hydra

Illustrated notes

Levels and vault maps discovered:
D:1:      lemuel_arrival_tunnels, layout_loops_corners,
          chequers_ecumenical_altar_simple, minmay_bisected
D:2:      layout_rooms, serial_bayou, serial_bayou_pond_e, serial_bayou_ford_a,
          serial_bayou_crossing, serial_bayou_shore_a,
          minmay_misc_feat_four_crosses, roderic_three_in_a_row
D:3:      layout_basic, minmay_crystal_room, st_stairs_3
D:4:      layout_loops_ring, uniq_robin, uniq_sigmund
D:5:      layout_basic, portal_sewer_entry_b, uniq_eustachio, uniq_menkaure,
          uniq_blork_the_orc, uniq_grinder
D:6:      layout_loops_cross, serial_bayou_pond_d
D:7:      layout_loops_ring, minmay_temple_entry_junction, uniq_maggie
D:8:      layout_rooms, nicolae_sif_muna_condensation
D:9:      kennysheep_windowed_halls, layout_basic
D:10:     layout_roguey [special_room_orc], uniq_nergalle, uniq_snorg,
          uniq_joseph
D:11:     minmay_the_grid_octo_2x2 [minmay_the_grid_octo_vomiting_pacman,
          minmay_the_grid_octo_teeth, minmay_the_grid_octo_concentric,
          minmay_the_grid_octo_prize_ultimate_mussel_roller], layout_basic,
          lair_entry_dummy, nicolae_uskayaw_dance_hall
Temple:   nicolae_temple_the_god_donut

Skill      XL: |  1  2  3  4  5  6  7  8  9 10 11 |
---------------+----------------------------------+-----
Earth Magic    | 3 4 5 7 9 10 | 10.0
Shields        | 3 4 |  4.0
Spellcasting   | 4 6 7 8 |  8.2
Conjurations   | 3 4 |  4.0
Dodging        | 3 4 5 |  5.3
Fighting       | 2 4 5 |  5.3
Transmutations | 3 |  3.0
Staves         | 3 5 |  5.8
Stealth        | |  1.7

Action                   |  1- 3 |  4- 6 |  7- 9 | 10-12 || total
-------------------------+-------+-------+-------+-------++-------
Melee: Short sword       |     2 |       |       |       ||     2
       War axe           |    14 |     7 |       |       ||    21
       Headbutt          |       |     2 |     1 |     1 ||     4
       Whip              |       |     3 |     1 |       ||     4
       Staff             |       |       |     6 |    10 ||    16
 Cast: Sandblast         |    44 |    44 |   193 |   160 ||   441
       Stone Arrow       |       |       |     1 |     6 ||     7
       Lee's Rapid Decon |       |       |       |    12 ||    12
       Petrify           |       |       |       |     5 ||     5
       Passwall          |       |       |       |     2 ||     2
Evoke: Wand              |       |       |       |     3 ||     3
  Use: Scroll            |       |     5 |     8 |     1 ||    14
 Stab: Sleeping          |       |     1 |       |       ||     1
Armor: Robe              |     6 |     2 |     7 |     9 ||    24
       Steam dragon scal |       |       |     1 |       ||     1
Dodge: Dodged            |    19 |    15 |    40 |    60 ||   134
Block: Buckler           |       |       |    27 |    36 ||    63

Table legend: (Time is in decaauts)
 A = Elapsed time spent in this place.
 B = Non-inter-level travel time spent in this place.
 C = Inter-level travel time spent in this place.
 D = Time resting spent in this place.
 E = Time spent auto-exploring this place.
 F = Levels seen in this place.
 G = Mean time per level.
                   A        B        C        D        E       F      G
               +--------+--------+--------+--------+--------+-----+--------+
         Total |  12921 |  12075 |    846 |   1870 |   8503 |  13 |  993.9 |
       Dungeon |  12478 |  11644 |    834 |   1870 |   8243 |  11 | 1134.4 |
        Temple |     63 |     51 |     12 |      0 |     45 |   1 |   63.0 |
         Sewer |    378 |    378 |      0 |      0 |    215 |   1 |  378.0 |
               +--------+--------+--------+--------+--------+-----+--------+

Top non-repeatable levels by time:
     D:5: 1976 daAuts
     D:9: 1445 daAuts
     D:1: 1410 daAuts
    D:10: 1400 daAuts
     D:7: 1368 daAuts
     D:4: 1213 daAuts
     D:3: 1176 daAuts
     D:2: 1020 daAuts
     D:6: 635 daAuts
     D:8: 529 daAuts
   Sewer: 378 daAuts
    D:11: 302 daAuts
  Temple: 63 daAuts
